 Dungeon Crawl Stone Soup version 0.29.1-15-g9cfb28693d (webtiles) character file.

Game seed: 15470712422647693841

380 buddyman2291 the Ruffian (level 6, -3/48 HPs)
             Began as a Draconian Transmuter on Apr 19, 2023.
             Was an Initiate of Gozag.
             Slain by Eustachio
             ... wielding a +5 rapier of speed
              (7 damage)
             ... on level 4 of the Dungeon on Apr 20, 2023.
             The game lasted 00:47:48 (3826 turns).

buddyman2291 the Ruffian (Draconian Transmuter)     Turns: 3826, Time: 00:47:49

Health: -3/48      AC:  9    Str: 14    XL:     6   Next: 46%
Magic:  10/10      EV: 12    Int: 13    God:    Gozag
Gold:   216        SH:  0    Dex: 12    Spells: 7/11 levels left

rFire   . . .      SeeInvis .   G - +3 demon whip
rCold   + . .      Faith    .   (no shield)
rNeg    + . .      Spirit   .   (body armour unavailable)
rPois   +          Reflect  .   (helmet restricted)
rElec   +          Harm     .   m - +1 cloak {rPois}
rCorr   .          Rampage  .   w - +0 pair of gloves
Will    +....                   (no boots)
Stlth   ++........              (no amulet)
HPRegen 0.16/turn               g - ring of Zuriodghe {rElec rC+ rN+ Will+}
MPRegen 0.12/turn               (no ring)

@: mighty
A: AC +6, unfitting armour, cold-blooded
a: Renounce Religion, Potion Petition, Call Merchant, Bribe Branch


You were on level 4 of the Dungeon.
You worshipped Gozag.
Gozag was aware of your devotion.
You visited 1 branch of the dungeon, and saw 4 of its levels.

You collected 528 gold pieces.
You paid 312 gold pieces to Gozag.

Inventory:

Hand Weapons
 a - a +2 quarterstaff of chaos
 b - a +0 whip
 c - a +0 dagger {cum}
 d - a +0 dagger
 i - a +0 whip
 n - a +0 club
 q - a +0 club
 r - a +0 dagger
 t - a +0 hand axe
 u - a +0 club
 y - a +0 short sword
 z - a +0 hammer
 A - a +1 dagger of draining
 E - a +0 mace of protection
 G - a +3 demon whip (weapon)
Missiles
 e - 6 atropa-tipped darts
 j - 3 stones (quivered)
Armour
 f - a +0 leather armour
 h - quicksilver dragon scales
 k - a +0 buckler
 m - a +1 cloak of poison resistance (worn)
 v - a +0 ring mail
 w - a +0 pair of gloves (worn)
Jewellery
 g - the ring of Zuriodghe (left hand) {rElec rC+ rN+ Will+}
   (You acquired it on level 2 of the Dungeon)

   [ring of positive energy]

   rC:        It protects you from cold.
   rElec:     It insulates you from electricity.
   rN:        It protects you from negative energy.
   Will:      It increases your willpower.
Scrolls
 s - a scroll of amnesia {unknown}
 x - a scroll of fear {unknown}
 C - 3 scrolls of teleportation
 D - a scroll of magic mapping {unknown}
 F - a scroll of identify
Potions
 l - a potion of brilliance {unknown}
 o - a potion of resistance {unknown}
 B - a potion of magic {unknown}
 H - a potion of haste {unknown}


   Skills:
 + Level 1.9 Fighting
 + Level 2.9(3.0) Maces & Flails
 + Level 0.6(2.0) Staves
 + Level 0.2 Throwing
 + Level 2.4 Dodging
 + Level 1.9 Stealth
 + Level 3.8 Unarmed Combat
 + Level 3.1 Spellcasting
 + Level 3.2 Transmutations
 + Level 0.3 Poison Magic


You had 7 spell levels left.
You knew the following spells:

 Your Spells              Type           Power      Damage    Failure   Level
a - Beastly Appendage     Tmut           20%        N/A       6%          1
b - Spider Form           Tmut/Pois      6%         N/A       32%         3

Your spell library contained the following spells:

 Spells                   Type           Power      Damage    Failure   Level
 Wereblood                Tmut           10%        N/A       9%          2
 Ice Form                 Ice/Tmut       6%         N/A       75%         4


Dungeon Overview and Level Annotations

Branches:
Dungeon (4/15)
 Temple: D:4-7

Altars:
Gozag

Shops:
D:4 [!

Annotations:
D:4 Eustachio, Ijyb


Innate Abilities, Weirdness & Mutations

Your plain brown scales are hard. (AC +6)
You cannot fit into any form of body armour.
You are cold-blooded and may be slowed by cold attacks.


Message History

Eustachio mumbles some strange words.
The rat disappears in a puff of smoke!
The bat closely misses you.
Eustachio growls, "To hell with you, honourless miscreant!"
The bat closely misses you. The bat barely misses you.
Eustachio mumbles some strange words.
Eustachio blinks!
The bat barely misses you. The bat barely misses you.
You closely miss the bat. The bat closely misses you.
The river rat twitches its whiskers.
The bat hits you but does no damage.
You whack the bat!
You kill the bat!
The bat's corpse disappears in a puff of smoke!
You barely miss the quokka. The quokka barely misses you.
You whack the quokka!
You kill the quokka!
The quokka's corpse disappears in a puff of smoke!
Eustachio casts a spell.
Eustachio blinks!
You hit the river rat but do no damage. The river rat bites you.
* * * LOW HITPOINT WARNING * * *
You closely miss the river rat. The river rat completely misses you.
You hit the river rat.
The river rat is moderately wounded.
The river rat bites you but does no damage.
You whack the river rat!
You kill the river rat!
The river rat's corpse disappears in a puff of smoke!
You start resting.
Eustachio is nearby!
Eustachio says, "My allies will avenge me."
Eustachio casts a spell.
Eustachio hits you with a +5 rapier of speed!
* * * LOW HITPOINT WARNING * * *
Eustachio attacks as you move away!
Eustachio hits you with a +5 rapier of speed!
You die...
Your body crumbles into a pile of gold.

### #.## ##..# #...# ... ##.
##.## ..##... #...###
....... ######.@@#.# .....
#######...#..##..##....
###............##...#..#
..................>.#.#
..8.8....##.........>.#
...........$..........#
#...?..#................#
#.$........$......##.......
....<.............##........


You could see Eustachio.

Vanquished Creatures
  Grinder (D:4)
  An orc priest (D:3)
  Crazy Yiuf (D:2)
  An orc wizard (D:3)
  2 adders (D:3)
  A worm (D:3)
  3 dart slugs
  13 orcs
  6 ball pythons
  7 endoplasms
  5 giant cockroaches
  10 goblins
  7 hobgoblins
  A quokka (D:2)
  4 bats
  7 kobolds
  3 rats (D:1)
73 creatures vanquished.

Notes
Turn   | Place    | Note
-------+----------+-------------------------------------------
     0 | D:1      | buddyman2291 the Draconian Transmuter began the quest for
                  | the Orb.
     0 | D:1      | Reached XP level 1. HP: 16/16 MP: 3/3
   158 | D:1      | Reached XP level 2. HP: 15/23 MP: 5/5
   193 | D:1      | Found a faded altar of an unknown god.
   815 | D:1      | Reached XP level 3. HP: 19/28 MP: 4/6
  1034 | D:1      | Prayed at the altar of an unknown god.
  1034 | D:1      | Became a worshipper of Gozag Ym Sagoz the Greedy
  1514 | D:2      | Identified a scroll of acquirement
  1522 | D:2      | Acquired the ring of Zuriodghe {rElec rC+ rN+ Will+}
  1648 | D:2      | Found a runed translucent door.
  1649 | D:2      | Noticed Crazy Yiuf
  2000 | D:2      | Killed Crazy Yiuf
  2001 | D:2      | Reached skill level 1 in Maces & Flails
  2001 | D:2      | Reached XP level 4. HP: 4/35 MP: 4/7
  2372 | D:3      | Learned a level 3 spell: Spider Form
  2440 | D:3      | Identified the +1 leather armour of Experimentation {Harm
                  | rC- Will+ Regen+}
  2859 | D:3      | Reached XP level 5. HP: 40/40 MP: 9/9
  3090 | D:3      | Reached skill level 1 in Stealth
  3562 | D:4      | Noticed Grinder
  3562 | D:4      | Noticed Ijyb
  3576 | D:4      | Noticed Eustachio
  3741 | D:4      | Paralysed by Grinder for 3 turns
  3748 | D:4      | Killed Grinder
  3749 | D:4      | Reached XP level 6. HP: 21/48 MP: 10/10
  3759 | D:4      | Found Juw Eful's Distillery.
  3760 | D:4      | Found Oheerola's Antique Armour Shoppe.
  3826 | D:4      | Slain by Eustachio

Illustrated notes

Levels and vault maps discovered:
D:1:      beargit_arrival_greenhouse, layout_basic,
          hellmonk_ecumenical_altar_leap_of_faith
D:2:      layout_rooms, guppyfry_early_orc_mine, uniq_crazy_yiuf_cottage
D:3:      layout_basic, minivault_27
D:4:      layout_cave_pools, nicolae_overflow_hidden_temple, tso_oasis_becter,
          temple_doors_e, serial_column_ruins, column_ruins_grid_1,
          column_ruins_columns_straight, column_ruins_columns_dead_end,
          column_ruins_corridor_T, column_ruins_open_tiny_water,
          column_ruins_grid_1, serial_shops, nicolae_diamond_shop,
          nicolae_shop_behind_doors, shop, st_stairs_9, uniq_ijyb,
          uniq_menkaure, uniq_grinder, uniq_eustachio

Skill      XL: |  1  2  3  4  5 |
---------------+----------------+-----
Dodging        | 2 |  2.4
Maces & Flails | 1 2 |  2.9
Transmutations | 3 |  3.2
Stealth        | 1 |  1.9
Spellcasting   | 3 |  3.1
Fighting       | |  1.9
Staves         | |  0.6
Throwing       | |  0.2
Unarmed Combat | |  3.8
Poison Magic   | |  0.3

Action                   |  1- 3 |  4- 6 || total
-------------------------+-------+-------++-------
Melee: Unarmed           |    54 |    12 ||    66
       Kick              |    19 |     9 ||    28
       Headbutt          |    14 |     8 ||    22
       Tailslap          |    11 |     4 ||    15
       Whip              |    58 |       ||    58
       Short sword       |    17 |       ||    17
       Punch             |     1 |     1 ||     2
       Demon whip        |       |    68 ||    68
       Quarterstaff      |       |    10 ||    10
Throw: Stone             |    24 |     9 ||    33
 Cast: Beastly Appendage |    23 |    10 ||    33
       Spider Form       |       |     2 ||     2
Invok: Potion Petition   |       |     1 ||     1
  Use: Scroll            |     4 |     4 ||     8
       Potion            |     4 |     1 ||     5
Armor: Skin              |    44 |    35 ||    79
Dodge: Dodged            |    62 |    66 ||   128
Block: Buckler           |     5 |       ||     5
